AoeStats
← CENITRO

Hideout

509168240Analyzed
1v1 RM · 6d ago on Sep 25, 2026· 60m 40s· 2 players
Game mode
Random Map
Map size
Tiny (2 player)
Population
200
Speed
Normal
Resources
Standard
Victory
Conquest
Starting age
Dark Age
Ending age
Imperial Age
RankedLock teamsTeams togetherTeam positionsShared explorationLock speedFull tech treeHidden civsTurbo modeCheats
Victory
Defeat
🇧🇴 Mongols · Bolivia
722
+17
🇵🇪 Cumans · Peru
736
-17
†Chefcito†|
11:18 Feudal Age
16:17 Castle Age
14:43 Double-Bit Axe
15:04 Horse Collar
15:46 Gold Mining
16:18 Stone Mining
30:22 Wheelbarrow
30:10 Bow Saw
30:29 Ballistics
30:34 Heavy Plow
30:50 Fletching
32:26 Husbandry
32:54 Hand Cart
32:51 Bodkin Arrow
33:36 Bloodlines
34:38 Thumb Ring
34:38 Padded Archer Armor
37:37 Imperial Age
36:16 Gold Shaft Mining
36:47 Stone Shaft Mining
36:33 Leather Archer Armor
37:26 Scale Barding Armor
37:42 Heavy Cavalry Archer
38:50 Parthian Tactics
38:59 Forging
40:01 Chain Barding Armor
43:20 Chemistry
41:44 Elite Mangudai
41:50 Elite Mangudai
44:44 Bracer
48:41 Conscription
48:26 Loom
52:33 Fervor
53:11 Town Watch
54:08 Drill
56:37 Town Patrol
58:43 Iron Casting
CENITRO
10:27 Feudal Age
11:01 Double-Bit Axe
10:58 Horse Collar
13:22 Bloodlines
17:30 Padded Archer Armor
18:26 Scale Mail Armor
19:03 Fletching
26:17 Castle Age
25:19 Gold Mining
27:31 Wheelbarrow
28:27 Bow Saw
31:06 Scale Barding Armor
30:29 Capped Ram
31:12 Loom
31:41 Heavy Plow
31:53 Elite Skirmisher
32:50 Leather Archer Armor
32:53 Bodkin Arrow
32:34 Pikeman
35:39 Ballistics
35:43 Hand Cart
42:38 Imperial Age
40:17 Loom
41:11 Stone Mining
42:38 Forging
42:46 Light Cavalry
54:39 Conscription
57:23 Halberdier
58:05 Squires
61:16 Chemistry
Connection lost

Rejoining the realm…

Still unreachable

The connection could not be restored.

Session expired

The server has moved on; the page needs a fresh start.